 Dungeon Crawl Stone Soup version 0.30-a0-722-g3e6e8c874d (webtiles) character file.

Game seed: 14633947832305245450

1113 NinjaNoafa the Skirmisher (level 8, -5/58 (66) HPs)
             Began as a Minotaur Hunter on Jan 27, 2023.
             Slain by Edmund
             ... wielding a +0 dire flail of draining
              (7 damage)
             ... on level 4 of the Dungeon.
             The game lasted 00:11:26 (3311 turns).

NinjaNoafa the Skirmisher (Minotaur Hunter)         Turns: 3311, Time: 00:11:27

HP:   -5/58 (66)    AC:  4    Str: 17    XL:     8   Next: 12%
MP:   16/16         EV: 13    Int:  6    God:
Gold: 211           SH:  0    Dex: 15    Spells: 7/7 levels left

rFire   . . .      SeeInvis .    a - +0 shortbow
rCold   . . .      Faith    .    (shield currently unavailable)
rNeg    . . .      Spirit   .    c - +0 leather armour
rPois   .          Reflect  .    p - +0 hat
rElec   .          Harm     .    (no cloak)
rCorr   .          Rampage  .    t - +0 pair of gloves
Will    .....                    (no boots)
Stlth   ++                       (no amulet)
HPRegen 0.29/turn                k - ring of magical power
MPRegen 0.15/turn                (no ring)

@: heavily drained
A: horns 2, retaliatory headbutt
a: no special abilities


You were on level 4 of the Dungeon.
You visited 1 branch of the dungeon, and saw 4 of its levels.

You collected 211 gold pieces.

Inventory:

Hand Weapons
 a - a +0 shortbow (weapon)
 o - a +2 vampiric dagger
Armour
 c - a +0 leather armour (worn)
 p - a +0 hat (worn)
 t - a +0 pair of gloves (worn)
Jewellery
 k - a ring of magical power (left hand)
 m - a ring of ice
Wands
 d - a wand of iceblast (3)
Scrolls
 b - a scroll of immolation
 e - 2 scrolls of magic mapping {unknown}
 f - a scroll of identify {unknown}
 h - a scroll of enchant weapon {unknown}
 i - a scroll of enchant armour {unknown}
 j - 2 scrolls of teleportation {unknown}
 q - a scroll of brand weapon {unknown}
 u - a scroll of amnesia {unknown}
Potions
 l - a potion of cancellation {unknown}
 n - 2 potions of flight {unknown}
 r - a potion of lignification {unknown}
 s - a potion of might {unknown}
 v - a potion of curing {unknown}


   Skills:
 - Level 4.0 Fighting
 + Level 9.8 Ranged Weapons
 - Level 4.0 Dodging
 - Level 3.0 Stealth


You had 7 spell levels left.
You didn't know any spells.
Your spell library contained the following spells:

 Spells                   Type           Power      Damage    Failure   Level
 Portal Projectile        Hex/Tloc       0%         N/A       88%         3
 Tukima's Dance           Hex            0%         N/A       88%         3
 Blade Hands              Tmut           0%         N/A       100%        5


Dungeon Overview and Level Annotations

Branches:
Dungeon (4/15)
 Temple: D:4-7

Altars:

Shops:
D:3 (

Annotations:
D:4 Edmund


Innate Abilities, Weirdness & Mutations

You have a pair of horns on your head.
You reflexively headbutt those who attack you in melee.


Message History

Edmund hits you with a +0 dire flail of draining!
You feel drained.
You shoot an arrow. The arrow hits Edmund.
Edmund is lightly wounded.
Edmund closely misses you. You furiously retaliate!
You headbutt Edmund, but do no damage. You shoot an arrow.
The arrow hits Edmund!
Edmund is moderately wounded.
Edmund barely misses you. You furiously retaliate!
You headbutt Edmund!
Okay, then.
Press: ? - help, v - describe, . - travel
Here: Edmund, wielding a +0 dire flail of draining and wearing a +0 scale mail (heavily wounded)
The floor.
Unknown command.
You shoot an arrow.
The arrow hits Edmund but does no damage.
Edmund is heavily wounded.
Edmund closely misses you. You furiously retaliate!
You headbutt Edmund. You shoot an arrow. The arrow hits Edmund.
Edmund is severely wounded.
Edmund hits you with a +0 dire flail of draining!
You feel drained.
You shoot an arrow. The arrow hits Edmund!
Edmund is almost dead.
Edmund closely misses you.
You shoot an arrow.
The arrow hits Edmund but does no damage.
Edmund is almost dead.
Edmund hits you with a +0 dire flail of draining!
* * * LOW HITPOINT WARNING * * *
You feel drained.
* * * LOW HITPOINT WARNING * * *
You shoot an arrow. The arrow closely misses Edmund.
Edmund hits you with a +0 dire flail of draining!
* * * LOW HITPOINT WARNING * * *
You feel drained.
* * * LOW HITPOINT WARNING * * *
You shoot an arrow. The arrow barely misses Edmund.
Edmund hits you with a +0 dire flail of draining!
You die...

... #.# #.# #.# #.# ###
##.# #.. ...##.# # #.#
#.##.##
#[##.###.#####.#....#
#..@..........###....
#@#######...#....#
...####...............##
#...........##..#.#.###
######.#######.#...##
#.# #.##.## #.#
#.##.#####
#.#######.##.#.[.#
#................#
##############†..#


You could see Edmund.

Vanquished Creatures
  Pikel (D:3)
  Grinder (D:4)
  Sigmund (D:2)
  2 lemures
  A hound (D:4)
  Natasha (thrice) (D:2)
  Ijyb (D:4)
  4 gnolls (D:3)
  5 adders
  3 worms
  10 endoplasms
  5 giant cockroaches
  10 goblins
  7 hobgoblins
  3 jackals (D:1)
  4 quokkas
  8 ball pythons
  8 bats
  6 kobolds
  4 rats
87 creatures vanquished.

Vanquished Creatures (others)
  A fungus (D:1)
  8 plants
9 creatures vanquished.

Grand Total: 96 creatures vanquished

Notes
Turn   | Place    | Note
-------+----------+-------------------------------------------
     0 | D:1      | NinjaNoafa the Minotaur Hunter began the quest for the Orb.
     0 | D:1      | Reached XP level 1. HP: 18/18 MP: 0/0
    40 | D:1      | Reached skill level 1 in Stealth
   155 | D:1      | Reached XP level 2. HP: 25/25 MP: 1/1
   233 | D:1      | Found a faded altar of an unknown god.
   612 | D:1      | Reached XP level 3. HP: 30/30 MP: 2/2
  1106 | D:2      | Reached XP level 4. HP: 37/37 MP: 3/3
  1108 | D:2      | Noticed Sigmund
  1182 | D:2      | Killed Sigmund
  1183 | D:2      | Reached skill level 5 in Ranged Weapons
  1183 | D:2      | Reached XP level 5. HP: 36/46 MP: 4/4
  1382 | D:2      | Noticed Natasha
  1385 | D:2      | Killed Natasha
  1473 | D:2      | Noticed Natasha
  1480 | D:2      | Killed Natasha
  1481 | D:2      | Reached XP level 6. HP: 47/52 MP: 5/5
  1676 | D:2      | Noticed Natasha
  1686 | D:2      | Killed Natasha
  1825 | D:3      | Found Kaliuv's Weapon Emporium.
  2116 | D:3      | Reached skill level 6 in Ranged Weapons
  2545 | D:4      | Noticed Pikel
  3026 | D:3      | Killed Pikel
  3027 | D:3      | Reached skill level 9 in Ranged Weapons
  3027 | D:3      | Reached XP level 7. HP: 41/59 MP: 6/6
  3156 | D:4      | Noticed Grinder
  3161 | D:4      | Paralysed by Grinder for 3 turns
  3171 | D:4      | Killed Grinder
  3172 | D:4      | Reached XP level 8. HP: 47/66 MP: 7/7
  3290 | D:4      | Noticed Ijyb
  3299 | D:4      | Killed Ijyb
  3301 | D:4      | Noticed Edmund
  3310 | D:4      | HP: 2/58 [Edmund/+0 dire flail of draining (4)]
  3311 | D:4      | Slain by Edmund

Illustrated notes

Levels and vault maps discovered:
D:1:      matt_arrival_diagonals, layout_loops_ring,
          shapermc_ecumenical_altar_mp_ritualfount, serial_forest,
          infiniplex_forest_3_way, infiniplex_forest_lined_3_way,
          infiniplex_forest_lined_1, infiniplex_forest_pool,
          infiniplex_forest_clump_tiny, infiniplex_forest_lined_room_3
D:2:      layout_loops_ring, chequers_mini_garden, serial_bayou_pond_b,
          minmay_circle_x, uniq_sigmund, uniq_natasha
D:3:      layout_basic, serial_shops, nicolae_shop_bloodbath_and_beyond
D:4:      layout_loops_ring, lemuel_tele_altar, grunt_temple_overflow_diamond,
          uniq_ijyb, uniq_pikel, uniq_edmund, uniq_grinder, uniq_menkaure

Skill      XL: |  1  2  3  4  5  6 |
---------------+-------------------+-----
Stealth        | 1 2 3 |  3.0
Fighting       | 3 4 |  4.0
Ranged Weapons | 5 9 |  9.8
Dodging        | 3 4 |  4.0

Action                     |  1- 3 |  4- 6 |  7- 9 || total
---------------------------+-------+-------+-------++-------
  Melee: Dagger            |       |     8 |       ||     8
         Headbutt          |       |     4 |       ||     4
         Unarmed           |       |    10 |       ||    10
   Fire: Shortbow          |   123 |   146 |    34 ||   303
    Use: Potion            |       |     2 |       ||     2
 Armour: Leather armour    |    19 |     9 |     1 ||    29
  Dodge: Dodged            |    49 |    56 |     8 ||   113

Table legend: (Time is in decaauts)
 A = Elapsed time spent in this place.
 B = Non-inter-level travel time spent in this place.
 C = Inter-level travel time spent in this place.
 D = Time resting spent in this place.
 E = Time spent auto-exploring this place.
 F = Levels seen in this place.
 G = Mean time per level.
                   A        B        C        D        E       F      G
               +--------+--------+--------+--------+--------+-----+--------+
         Total |   3401 |   3261 |    140 |      0 |   2486 |   4 |  850.2 |
       Dungeon |   3401 |   3261 |    140 |      0 |   2486 |   4 |  850.2 |
               +--------+--------+--------+--------+--------+-----+--------+

Top non-repeatable levels by time:
     D:3: 1081 daAuts
     D:2: 973 daAuts
     D:1: 896 daAuts
     D:4: 450 daAuts
